 Dungeon Crawl Stone Soup version 0.31-a0-625-gc9c7e45f3f (webtiles) character file.

Game seed: 1417732464736300987

1535890 MacCMillion the Shapeless Draconian (level 26, 246/246 HPs)
             Began as a Yellow Draconian Shapeshifter on Aug 24, 2023.
             Was the Champion of Okawaru.
             Escaped with the Orb
             ... and 3 runes!
             The game lasted 02:38:26 (83828 turns).

MacCMillion the Shapeless Draconian (DrSh)         Turns: 83828, Time: 02:38:27

Health: 246/246    AC: 15    Str: 23    XL:     26   Next: 59%
Magic:  35/35      EV: 61    Int:  7    God:    Okawaru [******]
Gold:   7666       SH:  5    Dex: 22    Spells: 37/41 levels left

rFire   + .          .
                       - Unarmed
rCold   + . .        (shield currently unavailable)
rNeg    . . .        (body armour unavailable)
rPois   ∞            (helmet currently unavailable)
rElec   +            (cloak currently unavailable)
rCorr   .            (gloves currently unavailable)
SInv    +            (boots currently unavailable)
Will    ++...        W - amulet "Lilei" {Reflect Dex+2 SH+5}
Stlth   +            X - ring "Atac" {Fire Will+ Slay+2 SInv}
HPRegen 0.61/turn    F - ring of Ilio {rC++ EV+5 Dex+2}
MPRegen 0.24/turn

%: reflection
@: storm-form, flying, studying Earth Magic
A: cleaving, insubstantial, flying, (spit acid), AC +12, unfitting armour,
(acidic bite), (cold-blooded), (acid resistance), dopey 1, MP-powered wands
0: Orb of Zot
}: 3/15 runes: decaying, serpentine, silver
a: Blinkbolt, Begin Untransformation, Renounce Religion, Heroism, Finesse, Duel


You escaped.
You worshipped Okawaru.
Okawaru was exalted by your worship.
You were a lightning-filled tempest!
You visited 11 branches of the dungeon, and saw 51 of its levels.
You also visited: Ossuary and Desolation.

You collected 10675 gold pieces.
You spent 3009 gold pieces at shops.

Inventory:

Missiles
 j - 13 javelins
 r - 18 curare-tipped darts
 w - 89 poisoned darts
 J - 33 boomerangs
 Q - 5 atropa-tipped darts
 T - 10 silver javelins
 Y - 6 datura-tipped darts
Jewellery
 A - a ring of positive energy
 F - the ring of Ilio (right fist) {rC++ EV+5 Dex+2}
   (You found it on level 5 of the Dungeon)

   [ring of evasion]

   EV+5:      It affects your evasion (+5).
   Dex+2:     It affects your dexterity (+2).
   rC++:      It greatly protects you from cold.
 H - a +5 ring of evasion
 K - the ring "Damilirr" {rPois rN+ Str+6 Int-5 SInv}
   (You took it off a vault guard on level 5 of the Vaults)

   [ring of strength]

   Str+6:     It affects your strength (+6).
   Int-5:     It affects your intelligence (-5).
   rPois:     It protects you from poison rN+: It protects you from negative
   energy.
   SInv:      It lets you see invisible.
 L - a ring of willpower
 P - a ring of protection from fire
 U - a ring of see invisible
 W - the amulet "Lilei" (around neck) {Reflect Dex+2 SH+5}
   (You took it off a frost giant on level 5 of the Vaults)

   [amulet of reflection]

   Reflect:   It reflects blocked missile attacks.
   Dex+2:     It affects your dexterity (+2).
   SH+5:      It affects your SH (+5).
 X - the ring "Atac" (left fist) {Fire Will+ Slay+2 SInv}
   (You found it on level 2 of the Lair of Beasts)

   [ring of fire]

   Fire:      It enhances your fire magic.
   Slay+2:    It affects your accuracy & damage with ranged weapons and melee
   (+2).
   rF+:       It protects you from fire.
   rC-:       It makes you vulnerable to cold.
   Will+:     It increases your willpower.
   SInv:      It lets you see invisible.
Talismans
 l - a blade talisman
 G - a dragon-blood talisman
 N - a storm talisman (active)
Wands
 E - a wand of quicksilver (23)
 O - a wand of flame (93)
 R - a wand of mindburst (63)
Scrolls
 b - 4 scrolls of blinking
 c - 7 scrolls of fear
 e - 4 scrolls of torment
 h - 10 scrolls of immolation
 i - 4 scrolls of silence
 n - 11 scrolls of teleportation
 q - 6 scrolls of revelation
 u - 4 scrolls of brand weapon
 v - 9 scrolls of enchant armour
 y - 13 scrolls of enchant weapon
 B - 11 scrolls of fog
 I - 13 scrolls of vulnerability
 M - 2 scrolls of butterflies
 S - 5 scrolls of poison
 Z - 9 scrolls of amnesia
Potions
 a - 10 potions of lignification
 d - 20 potions of heal wounds
 f - 3 potions of haste
 g - 25 potions of curing
 k - 6 potions of enlightenment
 m - 11 potions of mutation
 o - 6 potions of brilliance
 p - 11 potions of ambrosia
 s - 4 potions of berserk rage
 t - 11 potions of attraction
 x - 7 potions of cancellation
 z - 2 potions of magic
 C - 5 potions of invisibility
 D - 3 potions of resistance
 V - 4 potions of might


   Skills:
 + Level 22.1 Fighting
 + Level 21.0 Dodging
 + Level 22.0 Unarmed Combat
 - Level 8.0 Spellcasting
 - Level 9.0 Translocations
 - Level 10.0 Invocations
 O Level 27 Shapeshifting


You had 37 spell levels left.
You knew the following spells:

 Your Spells              Type           Power      Damage    Failure   Level
a - Manifold Assault      Tloc           15%        N/A       4%          4

Your spell library contained the following spells:

 Spells                   Type           Power      Damage    Failure   Level
 Apportation              Tloc           30%        N/A       1%          1
 Blink                    Tloc           30%        N/A       1%          2
 Lesser Beckoning         Tloc           30%        N/A       1%          2
 Gell's Gravitas          Tloc           15%        N/A       1%          3
 Teleport Other           Tloc           15%        N/A       1%          3
 Momentum Strike          Conj/Tloc      18%        3d8       4%          2
 Vhi's Electric Charge    Tloc/Air       18%        N/A       10%         3
 Volatile Blastmotes      Fire/Tloc      26%        2d12      10%         3
 Freeze                   Ice            8%         1d3       21%         1
 Kiss of Death            Conj/Necr      8%         2d6       21%         1
 Magic Dart               Conj           8%         1d3       21%         1
 Necrotise                Necr           8%         1d4       21%         1
 Sandblast                Erth           4%         2d4       21%         1
 Slow                     Hex            8%         N/A       21%         1
 Sting                    Tmut/Pois      8%         1d3       21%         1
 Cigotuvi's Dreadful Rot  Necr/Pois/Air  4%         N/A       30%         2
 Ensorcelled Hibernation  Hex/Ice        4%         N/A       30%         2
 Passwall                 Tmut/Erth      1%         N/A       30%         2
 Poisonous Vapours        Pois/Air       4%         N/A       30%         2
 Scorch                   Fire           8%         2d5       30%         2
 Searing Ray              Conj           4%         2d4       30%         2
 Static Discharge         Conj/Air       4%         2-3/arc   30%         2
 Wereblood                Tmut           2%         N/A       30%         2
 Iskenderun's Mystic Bla  Conj/Tloc      9%         2d4       32%         4
 Confusing Touch          Hex            2%         N/A       52%         3
 Dazzling Flash           Conj/Hex       4%         N/A       52%         3
 Frozen Ramparts          Ice            4%         1d1       52%         3
 Hailstorm                Conj/Ice       2%         3d3       52%         3
 Ignite Poison            Fire/Tmut/Pois 4%         N/A       52%         3
 Mephitic Cloud           Conj/Pois/Air  2%         N/A       52%         3
 Ozocubu's Armour         Ice            2%         N/A       52%         3
 Stone Arrow              Conj/Erth      4%         3d7       52%         3
 Swiftness                Air            2%         N/A       52%         3
 Vampiric Draining        Necr           2%         2d6       52%         3
 Dispersal                Tloc           7%         N/A       61%         6
 Airstrike                Air            1%         2d(1-17)  90%         4
 Dispel Undead            Necr           2%         3d7       90%         4
 Flame Wave               Conj/Fire      4%         2d5       90%         4
 Fulminant Prism          Conj/Hex       1%         3d5       90%         4
 Leda's Liquefaction      Hex/Erth       1%         N/A       90%         4
 Olgreb's Toxic Radiance  Pois           2%         N/A       90%         4
 Petrify                  Tmut/Erth      2%         N/A       90%         4
 Sticky Flame             Conj/Fire      4%         2d3       90%         4
 Alistair's Intoxication  Tmut/Pois      1%         N/A       99%         5
 Arcjolt                  Conj/Air       1%         1d11      99%         5
 Borgnjor's Vile Clutch   Necr/Erth      1%         N/A       99%         5
 Fireball                 Conj/Fire      2%         3d4       99%         5
 Freezing Cloud           Conj/Ice/Air   1%         6-21      99%         5
 Irradiate                Conj/Tmut      1%         3d12      99%         5
 Iskenderun's Battlesphe  Conj           2%         2d6       99%         5
 Lee's Rapid Deconstruct  Erth           1%         3d4*      99%         5
 Metabolic Englaciation   Hex/Ice        1%         N/A       99%         5
 Silence                  Hex/Air        1%         N/A       99%         5
 Eringya's Noxious Bog    Tmut/Pois      1%         4d6       100%        6
 Leda's Unmaking          Conj/Erth      1%         9d1       100%        6
 Plasma Beam              Fire/Air       2%         2x1d12    100%        6
 Starburst                Conj/Fire      2%         6d3       100%        6
 Orb of Destruction       Conj           1%         9d5       100%        7
 Ozocubu's Refrigeration  Ice            1%         4d7       100%        7
 Borgnjor's Revivificati  Necr           1%         N/A       100%        8
 Discord                  Hex            1%         N/A       100%        8
 Disjunction              Tloc           7%         N/A       100%        8
 Ignition                 Fire           2%         3d3       100%        8
 Maxwell's Capacitive Co  Air            1%         ∞         100%        8
 Death's Door             Necr           1%         N/A       100%        9
 Polar Vortex             Ice            1%         N/A       100%        9
 Summon Small Mammal      Summ           Unusable   N/A       N/A         1
 Call Imp                 Summ           Unusable   N/A       N/A         2
 Sublimation of Blood     Necr           Unusable   N/A       N/A         2
 Summon Guardian Golem    Hex/Summ       Unusable   N/A       N/A         3
 Summon Forest            Summ/Tloc      Unusable   N/A       N/A         5
 Summon Lightning Spire   Summ/Air       Unusable   N/A       N/A         4
 Death Channel            Necr           Unusable   N/A       N/A         6
 Simulacrum               Ice/Necr       Unusable   N/A       N/A         6
 Summon Cactus Giant      Summ           Unusable   N/A       N/A         6
 Haunt                    Necr/Summ      Unusable   N/A       N/A         7
 Spellforged Servitor     Conj/Summ      Unusable   N/A       N/A         7
 Summon Hydra             Summ           Unusable   N/A       N/A         7

Dungeon Overview and Level Annotations

Branches:
Dungeon (15/15)            Temple (1/1) D:7            Lair (5/5) D:11
  Swamp (4/4) Lair:2        Snake (4/4) Lair:3        Slime (0/5) Lair:5
    Orc (2/2) D:10            Elf (3/3) Orc:2        Vaults (5/5) D:14
  Crypt (3/3) Vaults:3       Tomb (0/3) Crypt:3      Depths (4/4) D:15
    Zot (5/5) Depths:4    Ossuary (visited)         Desolation (visited)

Altars:
Ashenzari
Cheibriados
Dithmenos
Elyvilon
Fedhas
Gozag
Hepliaklqana
Kikubaaqudgha
Makhleb
Nemelex Xobeh
Okawaru
Qazlal
Ru
Sif Muna
Trog
Uskayaw
Vehumet
Wu Jian
Xom
Yredelemnul
Zin
The Shining One
Jiyva

Shops:
D:9 (*(=   Orc:1 *   Orc:2 ([**=   Elf:3 ([[   Snake:3 :==   Snake:4 !:*(=
Vaults:1 !*=*   Vaults:5 =   Depths:2 *   Depths:4 ?[*=

Portals:
Hell: Lair:5 Depths:1 Depths:2 Depths:4
Abyss: Depths:1
Pandemonium: Depths:2
Ziggurat: Depths:2

Annotations:
Lair:3 2 transporters
Depths:2 3 runed translucent doors, 1 exclusion, Irekelaa's ghost, journeyman TrMo
Depths:3 the Enchantress
Zot:3 6 transporters
Zot:4 3 runed translucent doors, Anuegiwi's ghost, veteran AtFi; Kapop's ghost, legendary GrMo; Sisiakhle's ghost, legendary KoDe


Innate Abilities, Weirdness & Mutations

You are a lightning-filled tempest!
Your electrical attacks strike out in all directions at once.
You are incredibly evasive.
Your insubstantial body is immune to petrification, constriction, and being set on fire You are flying.
Your armour is entirely melded.
You are incapable of wielding weapons or throwing items.
((You can spit globs of acid.))
((Your golden yellow scales are hard. (AC +12)))
You cannot fit into any form of body armour.
You are immune to poison.
((You have acidic saliva.))
((You are cold-blooded and may be slowed by cold attacks.))
((You are resistant to acid. (rCorr)))
You are dopey. (Int -2)
You expend magic power (3 MP) to strengthen your wands.


Message History

You kill the Orb Guardian!
Okawaru accepts your kill.
There is a stone staircase leading up here.
You start resting.
A red devil comes into view. It is wielding a +0 trident.
You fly upwards.
There is a stone staircase leading down here.
Things that are here:
a +0 chain mail; a +0 mace HP restored.
There is a stone staircase leading up here.
You fly upwards.
There is a stone staircase leading down, spattered with blood here.
There is an escape hatch in the ceiling here.
There is a stone staircase leading up here.
You fly upwards.
There is a stone staircase leading down here.
There is a stone staircase leading up here.
You fly upwards.
There is a stone staircase leading down here.
There is a stone staircase leading up here.
You fly upwards.
There is a stone staircase leading down here.
There is a stone staircase leading up here.
You fly upwards.
There is a stone staircase leading down here.
There is a stone staircase leading up here.
You fly upwards.
There is a stone staircase leading down here.
You see here a +0 scale mail.
You see here a +0 ring mail.
There is a stone staircase leading up here.
You fly upwards.
There is a stone staircase leading down here.
There is a stone staircase leading up here.
You fly upwards.
There is a stone staircase leading down here.
There is a staircase leading out of the dungeon here.
There is a staircase leading out of the dungeon here.
You have escaped!

####.#......#...#...#.....#.# ##
...#.....#...#..#..#...#..#.#
.#.#.#....#..#..#..#..#.....#
.....#.....#..#.#.#..#......#
.....#..#...#.#.#.#.#...#...#
.....#[..##..#.#.#.#..##....#
.....#.....##.#...#.##......#####
.....#)......#.....#.............
.....#.######...v...######.......
.....#.......#.....#.............
.....#.....##.#...#.##.....#.....
.....#...##..#.#.#.#..##...#.....
....##..#...#.#.#.#.#...#..#..†..
###.##.....#..#.#.#..#.....#.....
# #.......#..#..#..#.)#....#.....
# #.###..#...#..#..#...#..#..####
# #.# #.....#...#...#.....#.##


There were no monsters in sight!

Vanquished Creatures
  5 dread liches
  9 orbs of fire
  Mara (Vaults:4)
  Mennas (Vaults:5)
  5 ancient liches
  Boris (Crypt:1)
  Sojobo (Vaults:2)
  Frederick (Vaults:3)
  Saint Roka (Vaults:3)
  4 Killer Klowns
  5 curse toes
  5 caustic shrikes (Depths:4)
  Vashnia (Snake:2)
  10 golden dragons
  Nikola (Elf:2)
  2 bone dragons
  2 doom hounds (Depths:4)
  5 electric golems
  Zenata (Vaults:3)
  Jorgrun (D:14)
  8 tentacled monstrosities
  32 Orb Guardians
  5 liches
  Asterion (Depths:2)
  A shard shrike skeleton (Crypt:2)
  6 titans
  Grunn (Depths:4)
  4 quicksilver dragons
  3 deep elf blademasters
  7 sphinxes
  An acid blob (Lair:5)
  2 deep elf master archers (Elf:3)
  7 death cobs
  2 ancient champions
  5 shadow dragons (Vaults:5)
  13 nagarajas
  9 tengu reavers
  3 revenants
  7 storm dragons
  5 deep elf sorcerers
  A draconian monk (Depths:4)
  6 frost giants
  4 iron dragons
  A rockslime (Lair:5)
  4 draconian knights
  28 vault wardens
  7 fire giants
  2 balrugs
  Louise (Swamp:3)
  7 ghouls
  3 curse skulls
  2 orc warlords
  4 draconian scorchers
  5 draconian shifters
  2 deep elf elementalists
  4 draconian stormcallers
  A juggernaut zombie (Crypt:3)
  A spriggan defender (Depths:4)
  2 draconian annihilators (Zot:3)
  22 ironbound preservers
  7 war gargoyles
  21 very ugly things
  A quicksilver ooze (Lair:5)
  10 ironbound thunderhulks
  A caustic shrike skeleton (Crypt:3)
  A quicksilver ooze (shapeshifter) (Elf:1)
  3 formless jellyfish
  5 black draconians
  9 deep elf demonologists
  8 green draconians
  7 vampire knights
  13 stone giants
  2 yellow draconians
  5 eleionomae
  Azrael (Elf:1)
  8 red draconians
  4 deep elf annihilators
  A halazid warlock (Desolation)
  16 dire elephants
  6 purple draconians
  5 white draconians
  3 bunyips
  4 eidola
  A fire dragon (Depths:2)
  A mummy priest (Crypt:3)
  7 jiangshi
  A crystal guardian (Desolation)
  5 ettins
  11 deep elf death magi
  Josephine (D:10)
  4 deep elf high priests
  3 ragged hierophants (Desolation)
  15 yaktaur captains
  An entropy weaver (Vaults:2)
  2 shambling mangroves (Swamp:4)
  3 servants of whispers
  9 great orbs of eyes
  4 peacekeepers
  Erolcha (D:10)
  3 rakshasas
  4 ice dragons
  A hell beast (Zot:5)
  3 fenstrider witch zombies
  A jorogumo (shapeshifter) (Vaults:5)
  34 vault guards
  5 ogre magi
  4 salamander tyrants
  A spriggan air mage (Depths:3)
  Erica (D:9)
  3 ghost crabs
  13 ironbound frosthearts
  8 alligators
  15 anacondas
  2 centaur warriors
  19 hydras
  25 dancing weapons
  10 two-headed ogres
  5 boulder beetles
  26 naga warriors
  A death knight (Crypt:2)
  A bennu skeleton (Crypt:2)
  11 tengu warriors
  3 deep troll earth magi
  5 death yaks (Lair:4)
  4 deep troll shamans
  A titan zombie (Crypt:3)
  15 naga sharpshooters
  A spriggan berserker (Depths:3)
  An orc high priest (Orc:2)
  7 vampire magi
  Urug (Orc:2)
  14 hell knights
  6 sun demons
  2 soul eaters (Crypt:2)
  9 spriggans
  5 shock serpents
  16 deep elf knights
  A shadow wraith (Vaults:5)
  9 salamander mystics
  33 skeletal warriors
  2 titan skeletons
  58 deep trolls
  5 goliath frogs
  4 skysharks
  A death drake (shapeshifter) (Vaults:5)
  7 iron trolls
  7 swamp dragons
  2 iron giant skeletons (Crypt:3)
  3 sea snakes (Depths:1)
  5 spriggan druids
  6 naga ritualists
  3 glowing orange brains
  2 flayed ghosts
  14 bog bodies
  11 wizards
  14 lindwurms
  5 necromancers
  15 phantasmal warriors
  12 deep elf archers
  9 orc knights
  26 ugly things
  15 harpies
  19 ironbound convokers
  A harpy (shapeshifter) (Vaults:5)
  28 deep elf pyromancers
  38 deep elf zephyrmancers
  3 orc sorcerers (Orc:2)
  2 shadow dragon skeletons
  7 spectral spriggans (Swamp:1)
  12 mana vipers
  2 manticores
  A shining eye (Depths:2)
  25 salamanders
  17 moths of wrath
  6 cyclopes
  5 will-o-the-wisps
  7 fire giant skeletons (Crypt:3)
  23 vault sentinels
  A rust devil (Depths:2)
  24 elephants
  28 naga magi
  2 stone giant skeletons (Crypt:3)
  An iron dragon skeleton (Depths:3)
  30 black mambas
  2 orange demons (Lair:5)
  A smoke demon (Lair:5)
  5 gargoyles
  7 guardian serpents
  8 cane toads
  A yellow draconian zombie (Crypt:2)
  A hellion (D:13)
  2 dire elephant zombies
  An unseen horror (D:12)
  A grey draconian zombie (Crypt:1)
  7 komodo dragons
  A kobold demonologist (D:11)
  10 rime drakes
  2 centaur skeletons (D:15)
  A naga skeleton (Crypt:3)
  An alligator snapping turtle skeleton (Crypt:3)
  7 freezing wraiths
  17 yaktaurs
  A yaktaur (shapeshifter) (Elf:3)
  2 red devils
  3 tengu conjurers (Depths:1)
  3 guardian mummies (Crypt:3)
  3 ice devils (Lair:5)
  2 tormentors
  7 trolls
  A polar bear (Lair:4)
  A harpy zombie (D:15)
  A queen bee (Lair:2)
  A purple draconian skeleton (Crypt:1)
  22 saltlings
  2 bloated husks
  10 hornets
  8 tyrant leeches
  5 hellwings (D:10)
  A great orb of eyes zombie (Crypt:2)
  11 dream sheep
  10 blink frogs
  A harpy skeleton (Crypt:3)
  30 slime creatures
  An air elemental (Elf:3)
  9 fire dragon skeletons (Crypt:3)
  A centaur simulacrum (D:15)
  5 flying skulls
  A spriggan (shapeshifter) (Vaults:5)
  3 shadows (Crypt:3)
  A culicivora (shapeshifter) (Vaults:5)
  4 water elementals
  A wind drake zombie (Crypt:1)
  15 wraiths
  8 wyverns
  39 yaks
  4 humans (D:14)
  10 basilisks
  5 fire elementals
  A hog (shapeshifter) (Elf:3)
  3 steam dragons
  A neqoxec (Depths:2)
  14 vampire mosquitoes
  A chaos spawn (Depths:2)
  6 wargs
  A naga zombie (Crypt:3)
  72 nagas
  17 swamp worms
  An acid dragon (shapeshifter) (Vaults:5)
  A glowing shapeshifter zombie (Depths:3)
  3 floating eyes
  8 hell hounds
  A floating eye (shapeshifter) (Vaults:2)
  21 water moccasins
  10 swamp drakes
  22 orc warriors
  2 ice beasts (D:7)
  4 black bears
  12 ogres
  An elephant zombie (Crypt:2)
  8 centaurs
  3 wolves (Lair:2)
  3 boggarts (Vaults:2)
  A lindwurm skeleton (Crypt:2)
  A manticore skeleton (Crypt:1)
  A phantom (D:5)
  17 kobold brigands
  10 bullfrogs
  12 scorpions
  An elf skeleton (Crypt:2)
  A necrophage (Swamp:1)
  3 gnoll sergeants
  An earth elemental (Elf:2)
  3 wights (D:9)
  44 killer bees
  8 electric eels
  11 howler monkeys
  4 centaur zombies
  8 hounds
  6 human zombies (Ossuary)
  22 orc priests
  Ijyb (D:4)
  16 jellies (Lair:5)
  2 scorpion zombies (Ossuary)
  3 iguanas
  19 orc wizards
  9 hell rats
  10 mummies
  Robin (D:3)
  18 gnolls
  5 adders
  2 shadow imps
  3 swamp drake skeletons
  13 white imps
  2 worm zombies (D:4)
  3 dart slugs
  A dart slug (shapeshifter) (Vaults:5)
  75 orcs
  9 ball pythons
  5 endoplasms
  3 giant cockroaches
  12 goblins
  14 hobgoblins
  3 jackals (D:3)
  A quokka (D:3)
  5 bats
  3 frilled lizards
  2 gnoll zombies (Ossuary)
  A goblin zombie (Ossuary)
  2 hobgoblin zombies (Ossuary)
  17 kobolds
  A kobold zombie (Ossuary)
  3 orc zombies (Ossuary)
  6 rats
  A river rat skeleton (Crypt:2)
  3 spectral weapons
2289 creatures vanquished.

Vanquished Creatures (others)
  A wizard (Vaults:1)
  2 bloated husks (Swamp:1)
  A saltling (Desolation)
  An acid dragon (shapeshifter) (Vaults:5)
  3 orcs
  18 foxfires
26 creatures vanquished.

Grand Total: 2315 creatures vanquished

Notes
Turn   | Place    | Note
-------+----------+-------------------------------------------
     0 | D:1      | MacCMillion the Draconian Shapeshifter began the quest for
                  | the Orb.
     0 | D:1      | Reached XP level 1. HP: 16/16 MP: 1/1
    56 | D:1      | Reached XP level 2. HP: 24/24 MP: 2/2
   451 | D:1      | Reached XP level 3. HP: 30/30 MP: 3/3
   558 | D:2      | Found a sparkling altar of Nemelex Xobeh.
   701 | D:2      | Found a faded altar of an unknown god.
  1037 | D:2      | Reached XP level 4. HP: 28/38 MP: 4/4
  1511 | D:3      | Noticed Robin
  1590 | D:3      | Killed Robin
  2015 | D:3      | Reached XP level 5. HP: 45/46 MP: 5/5
  2016 | D:3      | Found a glowing golden altar of the Shining One.
  2018 | D:3      | Found a basalt altar of Yredelemnul.
  2019 | D:3      | Found a hide-covered altar of Uskayaw.
  2028 | D:3      | Found a bloodstained altar of Trog.
  2031 | D:3      | Found a hazy altar of Hepliaklqana.
  2078 | D:4      | Found a sand-covered staircase.
  2180 | Ossuary  | Entered an ossuary
  2204 | Ossuary  | Reached skill level 5 in Unarmed Combat
  2268 | Ossuary  | Reached XP level 6. HP: 51/53 MP: 6/6
  2281 | Ossuary  | Reached skill level 5 in Fighting
  2647 | Ossuary  | Your scales start taking on a golden yellow colour.
  2647 | Ossuary  | Reached XP level 7. HP: 51/62 MP: 7/7
  2647 | Ossuary  | Gained mutation: You are resistant to acid. (rCorr) [Yellow
                  | Draconian growth]
  3104 | Ossuary  | Reached XP level 8. HP: 69/73 MP: 8/8
  3550 | D:4      | Noticed Ijyb
  4057 | D:4      | Killed Ijyb
  4368 | D:4      | Found a blossoming altar of Fedhas.
  4607 | D:5      | Entered Level 5 of the Dungeon
  4730 | D:5      | Found a broken altar of Ashenzari.
  4761 | D:5      | Identified the ring of Ilio {rC++ EV+5 Dex+2}
  5099 | D:5      | Reached skill level 10 in Unarmed Combat
  5877 | D:6      | Reached XP level 9. HP: 72/79 MP: 9/9
  6335 | D:7      | Found a staircase to the Ecumenical Temple.
  6659 | D:7      | Reached skill level 4 in Shapeshifting
  6728 | Temple   | Entered the Ecumenical Temple
  6758 | Temple   | Became a worshipper of Warmaster Okawaru
  6826 | D:7      | Found a radiant altar of Vehumet.
  6948 | D:7      | Reached skill level 5 in Shapeshifting
  7121 | D:7      | Found a shimmering blue altar of Sif Muna.
  7678 | D:8      | Reached skill level 6 in Shapeshifting
  7708 | D:8      | Found a shadowy altar of Dithmenos.
  7731 | D:8      | Reached * piety under Okawaru
  8316 | D:8      | Reached skill level 7 in Shapeshifting
  8730 | D:9      | Found Cahysil's Weapon Shop.
  8741 | D:9      | Reached skill level 1 in Invocations
  8880 | D:9      | Found Juniqe's General Store.
  8886 | D:9      | Bought a scroll of blinking for 90 gold pieces
  8950 | D:9      | Found Zaetaw's Jewellery Shoppe.
  8997 | D:9      | Reached XP level 10. HP: 75/86 MP: 11/11
  9342 | D:9      | Reached ** piety under Okawaru
  9513 | D:9      | Found Cogoitom's Antique Weapon Boutique.
  9556 | D:9      | Noticed Erica
  9577 | D:9      | Killed Erica
  9578 | D:9      | Reached skill level 8 in Shapeshifting
 10862 | D:10     | Entered Level 10 of the Dungeon
 10897 | D:10     | Reached *** piety under Okawaru
 10948 | D:10     | Noticed Josephine
 11532 | D:10     | Noticed an ogre mage
 11534 | D:10     | Reached skill level 9 in Shapeshifting
 11541 | D:10     | Killed an ogre mage
 11947 | D:10     | Found a staircase to the Orcish Mines.
 11993 | D:10     | Reached **** piety under Okawaru
 12361 | D:10     | Killed Josephine
 12362 | D:10     | Reached XP level 11. HP: 92/94 MP: 14/14
 12494 | D:10     | Found a sparkling altar of Nemelex Xobeh.
 12499 | D:10     | Found a shimmering altar of Xom.
 12644 | D:10     | Noticed Erolcha
 13061 | D:11     | Noticed a boulder beetle
 13089 | D:11     | Killed a boulder beetle
 13089 | D:11     | Received a gift from Okawaru
 13337 | D:11     | Reached skill level 10 in Shapeshifting
 13338 | D:11     | Reached ***** piety under Okawaru
 13698 | D:11     | Found a staircase to the Lair.
 13963 | D:11     | Identified the +12 orcbow of Okkib {antimagic, rElec Str+5}
                  | (Okawaru gifted it to you on level 11 of the Dungeon)
 13963 | D:11     | Received a gift from Okawaru
 14088 | D:11     | Reached skill level 10 in Fighting
 14967 | D:11     | HP: 3/100 [slime creature (18)]
 15333 | D:12     | Reached XP level 12. HP: 70/107 MP: 15/15
 15476 | D:12     | Reached skill level 11 in Shapeshifting
 15742 | Lair:1   | Entered Level 1 of the Lair of Beasts
 15939 | Lair:1   | Received a gift from Okawaru
 16789 | Lair:2   | Noticed a six-headed hydra
 16800 | Lair:2   | Killed a six-headed hydra
 16801 | Lair:2   | Reached skill level 5 in Invocations
 17380 | Lair:2   | Received a gift from Okawaru
 17391 | Lair:2   | Reached skill level 12 in Shapeshifting
 17868 | Lair:2   | Reached XP level 13. HP: 114/116 MP: 18/18
 18228 | Lair:2   | Received a gift from Okawaru
 18584 | Lair:2   | Identified the ring "Atac" {Fire Will+ Slay+2 SInv}
 18927 | Lair:2   | Found a staircase to the Swamp.
 19190 | Lair:3   | Found a staircase to the Snake Pit.
 19692 | Lair:3   | Reached skill level 13 in Shapeshifting
 20202 | Lair:3   | Found a transporter.
 20240 | Lair:3   | Found a transporter.
 20570 | Lair:3   | Identified a scroll of acquirement
 20675 | Lair:3   | Acquired 1143 gold pieces
 20727 | Lair:3   | Reached skill level 15 in Unarmed Combat
 21257 | Lair:4   | Identified the scarf of Limited Liability {harm, Regen+}
                  | (Okawaru gifted it to you on level 4 of the Lair of Beasts)
 21257 | Lair:4   | Received a gift from Okawaru
 21977 | Lair:4   | Gained mutation: You have acidic saliva. [Yellow Draconian
                  | growth]
 21977 | Lair:4   | Reached XP level 14. HP: 51/124 MP: 17/20
 22306 | Lair:4   | Reached skill level 14 in Shapeshifting
 22359 | Lair:4   | You fall into a shaft and drop 1 floor!
 22359 | Lair:5   | Entered Level 5 of the Lair of Beasts
 22359 | Lair:5   | Found a staircase to the Slime Pits.
 22359 | Lair:5   | Found a viscous altar of Jiyva.
 22726 | Lair:5   | Noticed an acid blob
 22728 | Lair:5   | Noticed a quicksilver ooze
 22738 | Lair:5   | Killed an acid blob
 23112 | Lair:5   | Received a gift from Okawaru
 23285 | Lair:5   | Found a viscous altar of Jiyva.
 23544 | Lair:4   | Reached skill level 15 in Shapeshifting
 24201 | Lair:5   | Noticed a rockslime
 24206 | Lair:5   | Killed a rockslime
 24392 | Lair:5   | Killed a quicksilver ooze
 24801 | Lair:5   | Found a burning altar of Makhleb.
 25215 | Lair:5   | Found a gateway to Hell.
 25224 | Lair:5   | Identified the +4 bardiche of the Curious Knives {freeze,
                  | Str+2}
 25449 | D:9      | Bought a dragon-blood talisman for 1200 gold pieces
 25694 | Orc:1    | Entered Level 1 of the Orcish Mines
 25719 | D:10     | HP: 6/124 [orc knight/+0 war axe (26)]
 25784 | D:10     | Killed Erolcha
 25784 | D:10     | Identified the +0 pair of gloves "Silit" {Str+4 Dex-3}
                  | (Okawaru gifted it to you on level 10 of the Dungeon)
 25784 | D:10     | Received a gift from Okawaru
 26262 | Orc:1    | Found Kousod's Assorted Antiques.
 26406 | Orc:2    | Entered Level 2 of the Orcish Mines
 26617 | Orc:2    | Noticed Urug
 26642 | Orc:2    | Killed Urug
 26643 | Orc:2    | Reached skill level 16 in Shapeshifting
 26742 | Orc:2    | Reached skill level 5 in Dodging
 27158 | Orc:2    | Found Getucow's General Store.
 27167 | Orc:2    | Noticed an orc warlord
 27192 | Orc:2    | Killed an orc warlord
 27797 | Orc:2    | Reached XP level 15. HP: 129/129 MP: 21/21
 27819 | Orc:2    | Found a staircase to the Elven Halls.
 28037 | Orc:2    | Found Alotukle's General Store.
 28045 | Orc:2    | Bought a potion of cancellation for 128 gold pieces
 28053 | Orc:2    | Found Ussocuck's Antique Weapon Shop.
 28171 | Orc:2    | Found Unotsih's Antique Armour Shop.
 28186 | Orc:2    | Found Heolemp's Jewellery Shop.
 29170 | D:13     | Identified the +4 robe "Teuropidgh" {+Inv Regen+ rCorr
                  | Dex-4}
 30282 | D:14     | Found a white marble altar of Elyvilon.
 30424 | D:14     | Noticed Jorgrun
 30428 | D:14     | Killed Jorgrun
 30727 | D:14     | Received a gift from Okawaru
 30830 | D:14     | Found a gate to the Vaults.
 31120 | D:15     | Entered Level 15 of the Dungeon
 31300 | D:15     | Reached skill level 17 in Shapeshifting
 32127 | D:15     | Found a staircase to the Depths.
 32535 | Snake:1  | Entered Level 1 of the Snake Pit
 33429 | Snake:1  | Identified the +2 pair of boots of Temperance {Will+ Str+7
                  | Dex-4 Stlth-} (Okawaru gifted it to you on level 1 of the
                  | Snake Pit)
 33429 | Snake:1  | Received a gift from Okawaru
 33667 | Snake:2  | Reached XP level 16. HP: 137/137 MP: 19/22
 34267 | Snake:2  | Reached skill level 18 in Shapeshifting
 34583 | Snake:2  | Noticed Vashnia
 34621 | Snake:2  | Killed Vashnia
 35071 | Snake:2  | Acquired 503 gold pieces
 35073 | Snake:2  | Acquired 802 gold pieces
 36064 | Snake:3  | Identified the +1 sling "Hellblazer" {flame, rC+ MP+9
                  | Stlth+} (Okawaru gifted it to you on level 3 of the Snake
                  | Pit)
 36064 | Snake:3  | Received a gift from Okawaru
 36441 | Snake:3  | Found Puac's Jewellery Boutique.
 36443 | Snake:3  | Found Xagab's Book Emporium.
 36444 | Snake:3  | Found Gulaxt's Jewellery Boutique.
 37668 | Snake:3  | Identified the +14 plate armour of the Ten Mystics {rElec
                  | rN++}
 38161 | Snake:3  | Reached skill level 10 in Dodging
 38353 | Snake:4  | Entered Level 4 of the Snake Pit
 38354 | Snake:4  | Found Xazuoluo's Jewellery Shop.
 38371 | Snake:4  | Found Coigh's Weapon Boutique.
 38392 | Snake:4  | Received a gift from Okawaru
 38564 | Snake:4  | Reached XP level 17. HP: 149/149 MP: 21/23
 38604 | Snake:4  | Found Qisseus's General Store.
 39222 | Snake:4  | Found Busch's Distillery.
 39306 | Snake:4  | Identified the +9 mace of the End of Times {heavy, Str+5}
 39651 | Snake:4  | Found Epsat's Book Shop.
 40278 | Snake:4  | Found Epsat's Book Shop.
 40340 | Snake:4  | Found Coigh's Weapon Boutique.
 40456 | Snake:4  | Found Xazuoluo's Jewellery Shop.
 40484 | Snake:4  | Found Qisseus's General Store.
 40548 | Snake:4  | Found Busch's Distillery.
 40728 | Snake:4  | Received a gift from Okawaru
 41061 | Snake:4  | Reached skill level 19 in Shapeshifting
 41146 | Snake:4  | Got a serpentine rune of Zot
 41367 | Swamp:1  | Entered Level 1 of the Swamp
 43050 | Swamp:1  | Identified the +12 executioner's axe "Qevituc" {antimagic,
                  | *Corrode rElec rC+ Dex+3}
 43082 | Swamp:1  | Reached ****** piety under Okawaru
 43083 | Swamp:1  | Reached XP level 18. HP: 160/160 MP: 19/25
 43486 | Swamp:2  | Reached skill level 10 in Invocations
 44272 | Swamp:3  | Noticed Louise
 44275 | Swamp:3  | Identified the +7 buckler of Qoedahop {+Blink rN+ Will-
                  | Int+3} (Okawaru gifted it to you on level 3 of the Swamp)
 44275 | Swamp:3  | Received a gift from Okawaru
 44288 | Swamp:3  | Killed Louise
 44842 | Swamp:4  | Entered Level 4 of the Swamp
 45841 | Swamp:4  | Reached skill level 15 in Fighting
 46025 | Swamp:4  | Got a decaying rune of Zot
 46406 | Vaults:1 | Entered Level 1 of the Vaults
 46672 | Vaults:1 | Found Burchonn's General Store.
 46709 | Vaults:1 | Found Jotute's Distillery.
 46744 | Vaults:1 | Found Cocy's Jewellery Shoppe.
 46852 | Vaults:1 | Identified the +0 pair of boots of the Wizarding Gods
                  | {Rampage rElec rCorr Dex+2} (Okawaru gifted it to you on
                  | level 1 of the Vaults)
 46852 | Vaults:1 | Received a gift from Okawaru
 47871 | Vaults:1 | Reached XP level 19. HP: 151/171 MP: 13/26
 48240 | Vaults:1 | Found Dajae's Assorted Antiques.
 48261 | Vaults:1 | Identified the +2 dagger of the Nine Interlopers {freeze,
                  | Fly rCorr Str+6 SInv}
 48882 | Vaults:2 | Noticed Sojobo
 48992 | Vaults:2 | Reached skill level 20 in Shapeshifting
 49251 | Vaults:2 | Received a gift from Okawaru
 50309 | Vaults:2 | Paralysed by a floating eye for 3 turns
 51250 | Vaults:2 | Paralysed by an air elemental for 1 turns
 51263 | Vaults:2 | Killed Sojobo
 51661 | Vaults:3 | Noticed Zenata
 51673 | Vaults:3 | Killed Zenata
 52338 | Vaults:3 | Received a gift from Okawaru
 52471 | Vaults:3 | Noticed Saint Roka
 52679 | Vaults:3 | Killed Saint Roka
 52786 | Vaults:3 | Found a staircase to the Crypt.
 52905 | Vaults:3 | Noticed a dread lich
 52907 | Vaults:3 | Killed a dread lich
 52951 | Vaults:3 | HP: 6/261 [ironbound thunderhulk/bolt of lightning (39)]
 52956 | Vaults:3 | Reached XP level 20. HP: 27/183 MP: 2/27
 53428 | Vaults:3 | Received a gift from Okawaru
 54232 | Vaults:3 | Noticed Frederick
 54243 | Vaults:3 | Killed Frederick
 54589 | Vaults:4 | Noticed Mara
 54596 | Vaults:4 | Noticed MacCMillion's illusion
 54603 | Vaults:4 | Killed Mara
 54627 | Vaults:4 | Received a gift from Okawaru
 54877 | Vaults:4 | Reached skill level 21 in Shapeshifting
 54881 | Vaults:4 | Received a gift from Okawaru
 54905 | Vaults:4 | Paralysed by a great orb of eyes for 5 turns
 55120 | Vaults:4 | Found a crumbling gateway.
 55147 | Desolati | Entered the Desolation of Salt
 55241 | Desolati | Identified the +4 chain mail of Cyitrih {rF+ MP+9}
 55964 | Vaults:4 | Identified the +0 cloak "Feghub" {Will+} (Okawaru gifted it
                  | to you on level 4 of the Vaults)
 55964 | Vaults:4 | Received a gift from Okawaru
 56621 | Vaults:4 | Reached XP level 21. HP: 194/194 MP: 28/28
 57238 | Depths:1 | Entered Level 1 of the Depths
 57821 | Depths:1 | Reached skill level 22 in Shapeshifting
 58292 | Depths:1 | Identified the +1 robe of Kuatom {rC- Dex+3 Slay+3}
 58720 | Depths:1 | Found a one-way gate to the infinite horrors of the Abyss.
 58807 | Depths:2 | Found a one-way gateway to a ziggurat.
 58815 | Depths:2 | Paralysed by a floating eye for 3 turns
 59068 | Depths:2 | Found a one-way gate leading to the halls of Pandemonium.
 59072 | Depths:2 | Gained mutation: You have hidden genetic potential. [a
                  | neqoxec]
 59075 | Depths:2 | Gained mutation: You are occasionally teleported next to
                  | monsters. [a neqoxec]
 59077 | Depths:2 | Lost mutation: You are occasionally teleported next to
                  | monsters. [potion of mutation]
 59077 | Depths:2 | Lost mutation: You have hidden genetic potential. [potion
                  | of mutation]
 59077 | Depths:2 | Gained mutation: Your spells are a little harder to cast,
                  | but a little more powerful. [potion of mutation]
 59077 | Depths:2 | Lost mutation: Your spells are a little harder to cast, but
                  | a little more powerful. [potion of mutation]
 59077 | Depths:2 | Gained mutation: You expend magic power (3 MP) to
                  | strengthen your wands. [potion of mutation]
 59093 | Depths:2 | Found a runed translucent gate.
 59093 | Depths:2 | Found a runed translucent gate.
 59097 | Depths:2 | Found a runed translucent gate.
 59097 | Depths:2 | Noticed a dread lich
 59233 | Depths:2 | You are sucked into a shaft and drop 2 floors!
 59233 | Depths:4 | Entered Level 4 of the Depths
 59234 | Depths:4 | Found Quluplut's General Store.
 59238 | Depths:4 | Noticed an ancient lich
 59240 | Depths:4 | Killed an ancient lich
 59240 | Depths:4 | Identified the scarf of Ybrysh {shadows, rN+} (Okawaru
                  | gifted it to you on level 4 of the Depths)
 59240 | Depths:4 | Received a gift from Okawaru
 59303 | Depths:4 | Noticed a caustic shrike
 59305 | Depths:4 | Found Geliusox's Jewellery Emporium.
 59305 | Depths:4 | Found Jurr's Magic Scroll Shoppe.
 59307 | Depths:4 | Killed a caustic shrike
 59307 | Depths:4 | Noticed a caustic shrike
 59310 | Depths:4 | Noticed a caustic shrike
 59312 | Depths:4 | Noticed a caustic shrike
 59314 | Depths:4 | Killed a caustic shrike
 59317 | Depths:4 | Killed a caustic shrike
 59317 | Depths:4 | Noticed a caustic shrike
 59319 | Depths:4 | Killed a caustic shrike
 59321 | Depths:4 | Killed a caustic shrike
 59322 | Depths:4 | Reached skill level 23 in Shapeshifting
 59445 | Depths:4 | Found Peryboni's Antique Armour Shoppe.
 59794 | Depths:4 | Found a gate to the Realm of Zot.
 59794 | Depths:4 | Noticed a golden dragon
 59807 | Depths:4 | Killed a golden dragon
 60488 | Depths:3 | Noticed the Enchantress
 60672 | Depths:4 | Noticed Grunn
 60682 | Depths:4 | Killed Grunn
 60682 | Depths:4 | Received a gift from Okawaru
 60683 | Depths:4 | Reached XP level 22. HP: 86/174 MP: 11/29
 61296 | Depths:4 | Found a glowing golden altar of the Shining One.
 62363 | Depths:3 | Noticed a golden dragon
 62510 | Depths:4 | Killed a golden dragon
 62677 | Depths:2 | Noticed Asterion
 62688 | Depths:2 | Killed Asterion
 62972 | Depths:2 | Found Baunadup's Assorted Antiques.
 63162 | Depths:2 | Paralysed by a floating eye for 2 turns
 63304 | Depths:2 | Noticed Irekelaa's ghost (journeyman TrMo)
 63304 | Depths:2 | Noticed an ancient lich
 63624 | Elf:1    | Entered Level 1 of the Elven Halls
 63875 | Snake:3  | Bought a storm talisman for 1591 gold pieces
 64241 | Elf:1    | Identified the +0 executioner's axe of Yrateg {venom,
                  | *Noise Will++ Str+3 Stlth+} (Okawaru gifted it to you on
                  | level 1 of the Elven Halls)
 64241 | Elf:1    | Received a gift from Okawaru
 64410 | Elf:1    | Noticed Azrael
 64422 | Elf:1    | Killed Azrael
 65157 | Elf:2    | Noticed Nikola
 65165 | Elf:2    | Killed Nikola
 65166 | Elf:2    | Reached skill level 1 in Spellcasting
 65166 | Elf:2    | Reached skill level 1 in Translocations
 65245 | Elf:2    | Found a shimmering blue altar of Sif Muna.
 65608 | Elf:2    | Found a runed translucent gate.
 65609 | Elf:2    | Found a runed translucent gate.
 65609 | Elf:2    | Found a runed translucent gate.
 65841 | Elf:2    | Learned a level 4 spell: Manifold Assault
 66410 | Elf:2    | Identified the +0 pair of boots of Honour {rElec} (Okawaru
                  | gifted it to you on level 2 of the Elven Halls)
 66410 | Elf:2    | Received a gift from Okawaru
 66664 | Elf:3    | Entered Level 3 of the Elven Halls
 66740 | Elf:3    | Reached skill level 5 in Translocations
 66790 | Elf:3    | Reached skill level 5 in Spellcasting
 67139 | Elf:3    | Found Veuclaoh's Antique Armour Shop.
 67141 | Elf:3    | Found Numineiq's Armour Boutique.
 67144 | Elf:3    | Found Qaqoh's Antique Weapon Shop.
 67148 | Elf:3    | Reached XP level 23. HP: 221/221 MP: 30/30
 67538 | Elf:3    | Identified the ring "Zoruoraf" {rN+ MP+9 Int-4 Dex+3}
 67558 | Elf:3    | Identified the ring of Vughen {rPois Dex+2}
 67561 | Elf:3    | Identified the +7 mace of Puwiy {pain, rElec rC- Will+
                  | Str+5}
 68295 | Elf:3    | Identified the staff of Hatred {Str+3 Dex+2 Earth}
 68769 | Crypt:1  | Entered Level 1 of the Crypt
 69205 | Crypt:1  | Noticed Boris
 69213 | Crypt:1  | Killed Boris
 69467 | Crypt:1  | You are sucked into a shaft and drop 1 floor!
 69809 | Crypt:2  | Received a gift from Okawaru
 71003 | Crypt:2  | Received a gift from Okawaru
 71177 | Crypt:3  | Entered Level 3 of the Crypt
 71488 | Crypt:3  | Identified the +2 pair of gloves "Untitiuti" {Harm Slay+3}
                  | (Okawaru gifted it to you on level 3 of the Crypt)
 71488 | Crypt:3  | Received a gift from Okawaru
 72314 | Crypt:3  | Identified the staff "Ojookki" {rC+ SInv Conj}
 72760 | Crypt:3  | Found a staircase to the Tomb.
 72859 | Crypt:3  | Reached XP level 24. HP: 216/231 MP: 35/35
 73489 | Vaults:5 | Entered Level 5 of the Vaults
 73489 | Vaults:5 | Noticed a dread lich
 73489 | Vaults:5 | Noticed Mennas
 73526 | Vaults:5 | Reached skill level 24 in Shapeshifting
 73528 | Vaults:5 | Reached skill level 15 in Dodging
 73639 | Vaults:5 | Killed Mennas
 73639 | Vaults:5 | Received a gift from Okawaru
 73722 | Vaults:5 | Killed a dread lich
 73750 | Vaults:5 | Identified the +4 spear of the Tomato {speed, *Rage rCorr
                  | MP+9 Stlth+}
 74275 | Vaults:5 | Identified the +1 lajatang "Ityrheix" {venom, Dex+4}
                  | (Okawaru gifted it to you on level 5 of the Vaults)
 74275 | Vaults:5 | Received a gift from Okawaru
 74380 | Vaults:5 | Identified the amulet "Lilei" {Reflect Dex+2 SH+5}
 74915 | Vaults:5 | Got Sif Muna's Meditations on Baneful Correspondence
 74923 | Vaults:5 | Reached skill level 25 in Shapeshifting
 74933 | Vaults:5 | Identified the staff "Mereoboi" {rC+ Fire Ice}
 74934 | Vaults:5 | Identified the ring of Greed {*Slow rPois Dex+6 Slay+4
                  | SInv}
 74982 | Vaults:5 | Identified the +5 scimitar "Zikan" {speed, Int-4 Dex+2
                  | Stlth+}
 74989 | Vaults:5 | Noticed a dread lich
 75004 | Vaults:5 | Killed a dread lich
 75168 | Vaults:5 | Identified the +8 broad axe of Scuffed Absolution {holy,
                  | Contam rF+ MP+9}
 75168 | Vaults:5 | Identified the ring "Damilirr" {rPois rN+ Str+6 Int-5 SInv}
 75228 | Vaults:5 | Identified the +1 buckler of Doenu {rF++ Dex+2} (Okawaru
                  | gifted it to you on level 5 of the Vaults)
 75228 | Vaults:5 | Received a gift from Okawaru
 75511 | Vaults:5 | Got the Handbook of Wounds
 75625 | Vaults:5 | Got a silver rune of Zot
 75709 | Vaults:5 | Found Ashrod's Jewellery Shoppe.
 75722 | Vaults:5 | Got the Precepts of the Stag
 76079 | Vaults:5 | Got Cinuizun's Disquisition on Frigorific Misery
 77254 | Zot:1    | Entered Level 1 of the Realm of Zot
 77283 | Zot:1    | Reached XP level 25. HP: 238/238 MP: 35/35
 77449 | Zot:1    | Noticed an orb of fire
 77455 | Zot:1    | Killed an orb of fire
 77683 | Zot:1    | Identified the +10 flail of the Valley of Death {flame, rF-
                  | Str+3 Dex+2}
 77704 | Zot:1    | Noticed an orb of fire
 77713 | Zot:1    | Killed an orb of fire
 78035 | Zot:1    | Reached skill level 26 in Shapeshifting
 79153 | Zot:3    | Found a transporter.
 79171 | Zot:3    | Found a transporter.
 79298 | Zot:3    | Found a transporter.
 79304 | Zot:3    | Found a transporter.
 79309 | Zot:3    | Received a gift from Okawaru
 79357 | Zot:3    | Found a transporter.
 79361 | Zot:3    | Found a transporter.
 80330 | Zot:3    | Noticed a Killer Klown
 80340 | Zot:3    | Killed a Killer Klown
 81225 | Zot:4    | Found a runed translucent gate.
 81226 | Zot:4    | Found a runed translucent gate.
 81226 | Zot:4    | Found a runed translucent gate.
 81228 | Zot:4    | Noticed Sisiakhle's ghost (legendary KoDe)
 81228 | Zot:4    | Noticed Kapop's ghost (legendary GrMo)
 81228 | Zot:4    | Noticed Anuegiwi's ghost (veteran AtFi)
 81591 | Zot:5    | Entered Level 5 of the Realm of Zot
 81831 | Zot:5    | Reached skill level 27 in Shapeshifting
 81897 | Zot:5    | Identified the +8 battleaxe of the Lamprey {drain, *Noise
                  | rPois rF+}
 81939 | Zot:5    | Noticed a dread lich
 81939 | Zot:5    | Noticed an ancient lich
 81946 | Zot:5    | Killed a dread lich
 81946 | Zot:5    | Noticed a Killer Klown
 81951 | Zot:5    | Killed an ancient lich
 81953 | Zot:5    | Noticed an orb of fire
 81955 | Zot:5    | Noticed an orb of fire
 81958 | Zot:5    | Killed a Killer Klown
 81960 | Zot:5    | Noticed an ancient lich
 81966 | Zot:5    | Killed an orb of fire
 81973 | Zot:5    | Killed an orb of fire
 81974 | Zot:5    | Reached XP level 26. HP: 161/246 MP: 31/35
 81974 | Zot:5    | Noticed an orb of fire
 81977 | Zot:5    | Killed an orb of fire
 81978 | Zot:5    | Killed an ancient lich
 81994 | Zot:5    | Identified the scarf of the Pink Corner {shadows, rF+++ rC+
                  | MP-9 Dex+2} (Okawaru gifted it to you on level 5 of the
                  | Realm of Zot)
 81994 | Zot:5    | Received a gift from Okawaru
 82471 | Zot:5    | Noticed an ancient lich
 82474 | Zot:5    | Noticed an orb of fire
 82475 | Zot:5    | Noticed an orb of fire
 82477 | Zot:5    | Noticed an orb of fire
 82477 | Zot:5    | Gained mutation: You are dopey. (Int -2) [an orb of fire]
 82486 | Zot:5    | Killed an ancient lich
 82487 | Zot:5    | Killed an orb of fire
 82492 | Zot:5    | Killed an orb of fire
 82496 | Zot:5    | Noticed an orb of fire
 82507 | Zot:5    | Killed an orb of fire
 82509 | Zot:5    | Noticed an ancient lich
 82512 | Zot:5    | Killed an orb of fire
 82526 | Zot:5    | Killed an ancient lich
 82529 | Zot:5    | Noticed a dread lich
 82538 | Zot:5    | Killed a dread lich
 83097 | Zot:5    | Got the Orb of Zot
 83828 | D:$      | Escaped with the Orb!

Illustrated notes

Levels and vault maps discovered:
D:1:      minmay_arrival_radiant_lines, layout_basic
D:2:      layout_loops_cross, basic_altar,
          shapermc_ecumenical_altar_mp_highgroup, dreamdust_princess_corridor
D:3:      layout_rooms, minmay_overflow_temple_star_hex, grunt_ministairs_13,
          nicolae_the_louvre, uniq_robin
D:4:      layout_basic, fedhas_ov_isle_minmay, enter_ossuary_3,
          kennysheep_generic_room_8, uniq_ijyb
D:5:      layout_loops_ring, mainiacjoe_overflow_alcove_1, cheibrodos_gnoll_hut
D:6:      layout_loops_ring
D:7:      layout_rooms, lemuel_blue_sif_altar, vehumet_altar_wand_db,
          minmay_temple_entry_waves
D:8:      layout_basic, nicolae_dithmenos_shadow_blocks
D:9:      layout_layer_cave, serial_shops, shop, shop,
          nicolae_shop_rolling_square, nicolae_shop_tiny_statue_garden,
          uniq_erica
D:10:     hellmonk_paralyzer, layout_basic, minitemple, uniq_josephine,
          uniq_erolcha
D:11:     layout_roguey [special_room_kobold], minmay_lair_entry_grove
D:12:     layout_cave_pools, portal_ice_cave_entry_imps
D:13:     layout_cave_pools
D:14:     layout_loops_ring, hellmonk_vaults_keyhole,
          chequers_serial_rivers_micro_c, elyvilon_altar_5, uniq_jorgrun
D:15:     grunt_enter_depths_snipers, layout_long_grid, nicolae_hitomezashi
          [nicolae_hito_row, nicolae_hito_row, nicolae_hito_row,
          nicolae_hito_row, nicolae_hito_row, nicolae_hito_row,
          nicolae_hito_row, nicolae_hito_row, nicolae_hito_row,
          nicolae_hito_row, nicolae_hito_row, nicolae_hito_row,
          nicolae_hito_row, nicolae_hito_row, nicolae_hito_row,
          nicolae_hito_row, nicolae_hito_row, nicolae_hito_row],
          hangedman_weighted_door
Temple:   eino_wide_crystal_templ
Lair:1:   layout_regular_city, beast_lair_carwin_11
Lair:2:   regret_index_tunnel_blossom, layout_gridlike,
          nicolae_swamp_entry_splash_gauntlet
Lair:3:   gammafunk_boulding_lane, layout_small_grid,
          minmay_snake_entry_guardpost_small, serial_bayou_ford_a
Lair:4:   layout_regular_city, grunt_megastairs_4
Lair:5:   evil_forest, layout_small_grid, minmay_slime_entry_pillars,
          special_room [special_room_jelly], serial_bayou_pond_a
Swamp:1:  nicolae_swamp_flooded_prison, layout_falls_marsh,
          infiniplex_staircase_pool
Swamp:2:  layout_basic_swamp, nicolae_swamp_rocky_clearing,
          infiniplex_staircase_pool_2
Swamp:3:  layout_basic_swamp, evilmike_swamp_ruin_house_4, swamp_pool1,
          uniq_louise
Swamp:4:  swamp, layout_basic_swamp
Snake:1:  layout_rooms, serial_curves, eino_curves_01, eino_curves_03,
          eino_curves_03, eino_curves_01
Snake:2:  layout_layer_cave, nicolae_coiled_stairwell_down, uniq_vashnia
Snake:3:  cheibrodos_snake_lava_hold, layout_onion, minmay_shop_grove,
          grunt_megastairs_2
Snake:4:  minmay_snake_end_coiled, layout_cave_town, serial_shops,
          nicolae_shop_advertising_works [nicolae_subvault_shop_adworks],
          nicolae_lakefront_shop, shop_fountains, shop,
          minmay_shop_enchanted_jewellery
Orc:1:    layout_diamond_mine, serial_shops, shop
Orc:2:    grunt_orc_cross, layout_caves, serial_shops, nicolae_square_shop
Elf:1:    eino_elf_arrival_sip, layout_rooms, hangedman_elf_represent,
          grunt_ministairs_7, uniq_azrael
Elf:2:    nicolae_elf_blades_crystal_corner, layout_onion_city, basic_altar,
          uniq_nikola
Elf:3:    elf_hall, layout_geoelf_octagon, amethyst_killhole, minmay_shop_star
Vaults:1: grunt_vaults_trifunnel, nicolae_vaults_network_quinsquares
          [nicolae_vaults_network_quincunx_subvault,
          nicolae_vaults_network_quincunx_subvault,
          nicolae_vaults_network_quincunx_subvault,
          nicolae_vaults_network_quincunx_subvault], v_misc_9,
          ontoclasm_vaults_ring_small, vaults_room_grunt_arrival_ludios,
          v_misc_28, vaults_dpeg_diagonal, nicolae_vaults_mini_display_case,
          layout_vaults_chaotic_city, serial_shops,
          nicolae_shop_tiny_waterfront, nicolae_shop_gaudy_bauble, shop, shop
Vaults:2: nicolae_vaults_closet_pinwheel_4, nicolae_vaults_cochlea,
          nicolae_vaults_sesquioval_fish, v_rooms_6,
          nicolae_vaults_trapezoid_lopsided_1, ontoclasm_vaults_shuriken,
          nicolae_vaults_more_shelving_2, ontoclasm_vaults_claustrophobia,
          nicolae_vaults_double_plus_2, vaults_room_glass_cross,
          layout_vaults_omnigrid, uniq_sojobo
Vaults:3: nicolae_vaults_lightning_bolt, v_pattern_3, v_misc_28,
          nicolae_vaults_little_squares_2, st_spiral_rooms,
          minmay_crypt_entry_simple_box, nicolae_vaults_border_crossing,
          v_misc_3, nicolae_vaults_tetromino_Z_1, v_misc_23,
          ontoclasm_vaults_misaligned, nicolae_vaults_closet_pinwheel_5,
          nicolae_vaults_little_ls, nicolae_vaults_door_testing_chamber,
          nicolae_vaults_double_plus_3, layout_vaults_omnibox, uniq_frederick,
          uniq_saint_roka, uniq_zenata
Vaults:4: portal_desolation_entry_nicolae_slug, nicolae_vaults_what_the_h,
          nicolae_vaults_windows_and_doors_thing, vaults_room_pools,
          vaults_room_large_hall, nicolae_vaults_back_hallway,
          nicolae_vaults_sesquioval_fish, v_misc_14, hangedman_vaults_stream,
          vaults_mumra_chevron_long, nicolae_vaults_closet_pinwheel_5,
          nicolae_vaults_stepped_doors, nicolae_vaults_tangram_1, v_misc_15,
          layout_vaults_ring, uniq_mara
Vaults:5: uniq_mennas
Crypt:1:  layout_chaotic_city, uniq_boris
Crypt:2:  layout_misc_corridors
Crypt:3:  quadcrypt_mu
Depths:1: layout_honeycomb, abyss_entry, hell_entry, minmay_serpent_palace
Depths:2: grunt_bruiser_brothers, layout_cave_shapes, enter_ziggurat_d,
          gammafunk_ghost_necromancy, infiniplex_staircase_trident,
          serial_shops, nicolae_shop_hallway_plus, hangedman_coc_ice_floe,
          rand_demon_pan_entry_3, kennysheep_generic_room_5, uniq_asterion
Depths:3: nicolae_cairo_tiling_very_big, layout_cave_pools, lemuel_statue_altar,
          hellmouth_1, ebering_ghost_inner_flame, hangedman_abyss_entry_splay,
          glass_columns_c, trog_three_pillars_becter, uniq_norris,
          uniq_enchantress
Depths:4: grunt_crosshair, layout_twisted_cross, pf_hell_entry_tar_spiral,
          nicolae_tso_swordbearing_angel, minmay_librarian, minmay_shoptagon,
          serial_bayou_shore_b, uniq_grunn
Zot:1:    layout_gridlike, hangedman_zot_wheel_spokes
Zot:2:    layout_gridlike, uniq_josephina
Zot:3:    layout_misc_corridors, serial_nicolae_subway,
          nicolae_sub_station_crystal, nicolae_sub_station_metal,
          nicolae_sub_station_stone
Zot:4:    layout_onion_interference, gammafunk_ghost_cemetery
Zot:5:    layout_twisted_circle

Skill      XL: |  1  2  3  4  5  6  7  8  9 10 11 12 13 14 15 16 17 18 19 20 21 22 23 24 25 26 |
---------------+-------------------------------------------------------------------------------+-----
Fighting       | 2 3 4 5 7 8 10 11 13 14 15 16 18 19 21 22 | 22.1
Unarmed Combat | 4 5 6 7 10 11 12 14 15 16 17 18 19 20 21 22 | 22.0
Shapeshifting  | 7 9 10 12 13 16 17 18 19 20 21 23 25 27 | 27.0
Invocations    | 1 4 6 8 9 10 | 10.0
Dodging        | 5 8 10 11 12 13 14 16 18 21 | 21.0
Spellcasting   | 5 8 |  8.0
Translocations | 5 9 |  9.0

Action                     |  1- 3 |  4- 6 |  7- 9 | 10-12 | 13-15 | 16-18 | 19-21 | 22-24 | 25-27 || total
---------------------------+-------+-------+-------+-------+-------+-------+-------+-------+-------++-------
  Melee: Unarmed           |    97 |   171 |   286 |   501 |   831 |   855 |   876 |  1227 |   457 ||  5301
         Tailslap          |    12 |    23 |    37 |    65 |   119 |   146 |   164 |    22 |       ||   588
         Punch             |     4 |     8 |    15 |    28 |    68 |    88 |   124 |   203 |    86 ||   624
         Bite              |       |       |       |       |    53 |   103 |   117 |    19 |       ||   292
   Cast: Manifold Assault  |       |       |       |       |       |       |       |    12 |     3 ||    15
 Invoke: Heroism           |       |       |       |     2 |    17 |     6 |    14 |     6 |     4 ||    49
         Finesse           |       |       |       |       |     3 |     2 |     3 |     2 |     3 ||    13
Ability: Breathe Acid      |       |       |    40 |    46 |    53 |    25 |    33 |     3 |       ||   200
         Blinkbolt         |       |       |       |       |       |       |       |    17 |     6 ||    23
  Evoke: Wand              |       |       |       |     9 |     4 |       |     6 |       |       ||    19
    Use: Scroll            |       |       |     6 |     5 |    24 |     5 |     6 |     6 |     1 ||    53
         Potion            |       |       |       |       |     2 |       |     4 |     8 |     3 ||    17
   Stab: Sleeping          |     2 |       |     3 |       |       |     3 |       |     4 |     1 ||    13
         Distracted        |       |       |       |       |     2 |     2 |       |     2 |       ||     6
         Invisible         |       |       |       |       |       |       |       |     1 |       ||     1
 Armour: Skin              |    25 |    60 |    64 |   114 |   212 |   247 |   244 |    88 |    29 ||  1083
  Dodge: Dodged            |    58 |   100 |   198 |   342 |   616 |   634 |   738 |   966 |   440 ||  4092
  Block: Other             |       |       |       |       |       |       |       |   105 |    46 ||   151
         Reflection        |       |       |       |       |       |       |       |    10 |     1 ||    11
   Form: Blade             |       |       |       |     2 |     1 |       |       |       |       ||     3
         Beast             |       |       |       |     1 |       |       |       |       |       ||     1
         Dragon            |       |       |       |       |     2 |       |       |       |       ||     2
                           |       |       |       |       |       |       |       |     1 |       ||     1
         Storm             |       |       |       |       |       |       |       |     1 |       ||     1

Table legend: (Time is in decaauts)
 A = Elapsed time spent in this place.
 B = Non-inter-level travel time spent in this place.
 C = Inter-level travel time spent in this place.
 D = Time resting spent in this place.
 E = Time spent auto-exploring this place.
 F = Levels seen in this place.
 G = Mean time per level.
                   A        B        C        D        E       F      G
               +--------+--------+--------+--------+--------+-----+--------+
         Total |  82110 |  76586 |   5524 |  27193 |  36332 |  53 | 1549.2 |
       Dungeon |  20469 |  18414 |   2055 |   5710 |   9761 |  15 | 1364.6 |
        Temple |     41 |     24 |     17 |      0 |      0 |   1 |   41.0 |
          Lair |   9773 |   9154 |    619 |   3280 |   4257 |   5 | 1954.6 |
         Swamp |   4784 |   4647 |    137 |   1678 |   2126 |   4 | 1196.0 |
     Snake Pit |   8739 |   8403 |    336 |   2837 |   4115 |   4 | 2184.8 |
  Orcish Mines |   2533 |   2198 |    335 |   1028 |    750 |   2 | 1266.5 |
   Elven Halls |   4132 |   3952 |    180 |   1069 |   1991 |   3 | 1377.3 |
        Vaults |  13763 |  12917 |    846 |   5420 |   5594 |   5 | 2752.6 |
         Crypt |   3939 |   3844 |     95 |    502 |   2654 |   3 | 1313.0 |
        Depths |   6937 |   6210 |    727 |   2727 |   2453 |   4 | 1734.2 |
           Zot |   5776 |   5602 |    174 |   2277 |   2504 |   5 | 1155.2 |
       Ossuary |   1122 |   1122 |      0 |    664 |    124 |   1 | 1122.0 |
    Desolation |     96 |     96 |      0 |      0 |      1 |   1 |   96.0 |
               +--------+--------+--------+--------+--------+-----+--------+

Top non-repeatable levels by time:
Vaults:3: 3338 daAuts
Depths:4: 3211 daAuts
    D:10: 3138 daAuts
Vaults:1: 2795 daAuts
 Snake:4: 2784 daAuts
Vaults:2: 2760 daAuts
 Snake:3: 2592 daAuts
Vaults:5: 2522 daAuts
     D:9: 2517 daAuts
Vaults:4: 2346 daAuts
  Lair:2: 2341 daAuts
    D:11: 2296 daAuts
  Lair:5: 2228 daAuts
Depths:1: 2189 daAuts
   Orc:2: 2143 daAuts
